 Dungeon Crawl Stone Soup version 0.28.0-43-g3370ac3207 (webtiles) character file.

Game seed: 14556904966057768729

121 experimilk the Cudgeller (level 4, -4/37 HPs)
             Began as a Palentonga Fighter on Mar 18, 2022.
             Slain by a gnoll
             ... wielding a +0 halberd
              (7 damage)
             ... on level 3 of the Dungeon.
             The game lasted 00:05:27 (3018 turns).

experimilk the Cudgeller (Palentonga Fighter)       Turns: 3018, Time: 00:05:28

Health: -4/37      AC:  6    Str: 22    XL:     4   Next: 77%
Magic:  4/4        EV:  7    Int:  8    God:
Gold:   94         SH:  4    Dex:  9    Spells: 3/3 levels left

rFire   + . .      SeeInvis +   a - +0 flail
rCold   . . .      Faith    .   c - +0 buckler
rNeg    . . .      Spirit   .   b - +0 scale mail
rPois   .          Reflect  .   (no helmet)
rElec   .          Harm     .   (no cloak)
rCorr   .          Rampage  .   (no gloves)
Will    .....                   (no barding)
Stlth   ..........              (no amulet)
HPRegen 0.12/turn               i - ring of protection from fire
MPRegen 0.09/turn               (no ring)

@: mighty, about to teleport
A: large, rugged brown scales 3, see invisible, deformed body, roll 1, armoured
tail
a: Rolling Charge


You were on level 3 of the Dungeon.
You visited 1 branch of the dungeon, and saw 3 of its levels.

You collected 94 gold pieces.

Inventory:

Hand Weapons
 a - a +0 flail (weapon)
Armour
 b - a +0 scale mail (worn)
 c - a +0 buckler (worn)
Jewellery
 i - a ring of protection from fire (left hand)
Scrolls
 f - a scroll of teleportation
Potions
 e - a potion of degeneration {unknown}
 g - a potion of berserk rage {unknown}
 h - a potion of curing {unknown}


   Skills:
 + Level 3.0 Fighting
 * Level 5.0 Maces & Flails
 - Level 2.4 Armour
 - Level 2.4 Shields


You had 3 spell levels left.
You didn't know any spells.
Your spell library was empty.

Dungeon Overview and Level Annotations

Branches:
Dungeon (3/15)

Altars:
Elyvilon


Innate Abilities, Weirdness & Mutations

You are completely covered in rugged brown scales. (AC +3, +7% HP)
You have supernaturally acute eyesight. (SInv)
Armour fits poorly on your strangely shaped body.
You can roll at nearby foes to attack.
You have a long armoured tail.


Message History

A bat comes into view.
A gnoll comes into view. It is wielding a +0 spear.
The endoplasm hits you but does no damage.
You hit the endoplasm but do no damage. You block the endoplasm's attack.
You sock the endoplasm!
You kill the endoplasm!
You block the bat's attack.
Roll where?
Press: ? - help, Dir - move target, f - gnoll
Aim: a gnoll, wielding a +0 spear You roll forward with a clatter of scales!
You barely miss the gnoll. The bat hits you but does no damage.
You block the gnoll's attack. The bat hits you but does no damage.
The gnoll barely misses you.
You closely miss the bat. The bat hits you but does no damage.
A gnoll comes into view. It is wielding a +0 halberd.
The gnoll barely misses you.
You barely miss the gnoll. The bat hits you but does no damage.
The gnoll hits you from afar with a +0 halberd.
A gnoll comes into view. It is wielding a +0 spear.
The gnoll barely misses you.
You barely miss the gnoll. The bat hits you but does no damage. x2
The gnoll hits you from afar with a +0 halberd!
A gnoll comes into view. It is wielding a +0 halberd.
You completely miss the bat. The bat hits you but does no damage.
The bat completely misses you. The gnoll hits you but does no damage.
The gnoll hits you from afar with a +0 halberd!
* * * LOW HITPOINT WARNING * * *
The bat closely misses you.
The gnoll hits you from afar with a +0 spear!
* * * LOW HITPOINT WARNING * * *
As you read the scroll of teleportation, it crumbles to dust.
You feel strangely unstable. The bat hits you but does no damage.
The gnoll barely misses you.
The gnoll hits you but does no damage. x2
The bat hits you.
* * * LOW HITPOINT WARNING * * *
You feel very mighty all of a sudden. The bat hits you but does no damage.
The gnoll hits you from afar with a +0 halberd!
You die...

#######
##########.....##
.......<...b.....
#######.##.###.##
#(##@#
#...g.gg....
........#g.....
#########..###.
.# ##


You could see 4 gnolls and a bat.

Vanquished Creatures
  Robin (D:2)
  3 adders (D:2)
  2 dart slugs (D:2)
  6 bats
  4 endoplasms
  4 giant cockroaches
  20 goblins
  9 hobgoblins
  7 kobolds
  A quokka (D:2)
  6 ball pythons
  A frilled lizard (D:1)
  7 rats
71 creatures vanquished.

Notes
Turn   | Place    | Note
-------+----------+-------------------------------------------
     0 | D:1      | experimilk the Palentonga Fighter began the quest for the
                  | Orb.
     0 | D:1      | Reached XP level 1. HP: 19/19 MP: 1/1
   224 | D:1      | Reached XP level 2. HP: 23/25 MP: 2/2
   293 | D:1      | Reached skill level 3 in Maces & Flails
  1046 | D:1      | Reached XP level 3. HP: 28/31 MP: 3/3
  1907 | D:2      | Reached skill level 4 in Maces & Flails
  1912 | D:2      | Found a white marble altar of Elyvilon.
  1921 | D:2      | Noticed Robin
  1962 | D:2      | Killed Robin
  1963 | D:2      | Reached XP level 4. HP: 24/37 MP: 4/4
  2944 | D:2      | Reached skill level 5 in Maces & Flails
  2963 | D:2      | Found a faded altar of an unknown god.
  3018 | D:3      | Slain by a gnoll

Illustrated notes

Levels and vault maps discovered:
D:1:      dpeg_arrival_pond, layout_basic
D:2:      minmay_razor_zed, layout_basic, basic_altar,
          hellmonk_ecumenical_altar_run_dry, kennysheep_another_room,
          minmay_split_cup_small, uniq_robin
D:3:      layout_basic, lemuel_round_altar, minmay_ogre_servants

Skill      XL: |  1  2  3  4 |
---------------+-------------+-----
Maces & Flails | 3 4 5 |  5.0
Fighting       | |  3.0
Armour         | |  2.4
Shields        | |  2.4

Action                   |  1- 3 |  4- 6 || total
-------------------------+-------+-------++-------
Melee: Flail             |   104 |    70 ||   174
       Tailslap          |    10 |     6 ||    16
 Abil: Rolling Charge    |    24 |    12 ||    36
  Use: Scroll            |     2 |     1 ||     3
       Potion            |       |     1 ||     1
Armor: Scale mail        |    60 |    48 ||   108
Dodge: Dodged            |    30 |    27 ||    57
Block: Buckler           |    11 |    10 ||    21
